 Dungeon Crawl Stone Soup version 0.18.1-48-g4cf74bf (webtiles) character file.

101 striepan the Chopper (level 4, 0/37 HPs)
             Began as a Minotaur Gladiator on Sept 1, 2016.
             Slain by a gnoll
             ... wielding a +0 whip
              (6 damage)
             ... on level 2 of the Dungeon.
             The game lasted 00:06:48 (1292 turns).

striepan the Chopper (Minotaur Gladiator)           Turns: 1292, Time: 00:06:49

Health: 0/37       AC:  6    Str: 19 (20) XL:     4   Next: 48%
Magic:  3/3        EV: 12    Int:  2 (5)  God:
Gold:   68         SH:  0    Dex: 11      Spells: 0 memorised, 3 levels left

rFire  . . .     SeeInvis .     a - +0 war axe
rCold  . . .     Gourm    .     b - +0 leather armour
rNeg   . . .     Faith    .     (no shield)
rPois  .         Spirit   .     c - +0 hat
rElec  .         Dismiss  .     (no cloak)
rCorr  .         Reflect  .     p - +0 pair of gloves
SustAt .         Harm     .     n - +1 pair of boots
MR     .....                    (no amulet)
Stlth  +.........               (no ring)
                                (no ring)

@: not resistant to hostile enchantments, very unstealthy
A: retaliatory headbutt, horns 2
a: no special abilities


You were on level 2 of the Dungeon.
You were very hungry.

You visited 1 branch of the dungeon, and saw 2 of its levels.

You collected 68 gold pieces.

Inventory:

Hand Weapons
 a - a +0 war axe (weapon)
Missiles
 d - 3 throwing nets (quivered)
 o - 3 tomahawks
Armour
 b - a +0 leather armour (worn)
 c - a +0 hat (worn)
 n - a +1 pair of boots (worn)
 p - a +0 pair of gloves (worn)
 r - a +0 plate armour
 t - a +0 chain mail
Jewellery
 m - a cursed amulet of inaccuracy {unknown}
Wands
 s - a wand of disintegration (12/24)
Scrolls
 e - a scroll of immolation {unknown}
 g - a scroll of enchant weapon {unknown}
 j - a scroll of fog {unknown}
 k - a scroll of recharging {unknown}
 q - a scroll of enchant armour {unknown}
Potions
 h - a potion of curing {unknown}
 i - a potion of invisibility {unknown}
 l - 2 potions of brilliance {unknown}
Comestibles
 f - 2 bread rations


   Skills:
 - Level 2.4 Fighting
 + Level 6.4 Axes
 - Level 2.0 Throwing
 - Level 3.2 Dodging


You had 3 spell levels left.
You didn't know any spells.

Dungeon Overview and Level Annotations

Branches:
Dungeon (2/15)

Altars:
Dithmenos


Innate Abilities, Weirdness & Mutations

You reflexively headbutt those who attack you in melee.
You have a pair of horns on your head.


Message History

The gnoll is almost dead.
The gnoll hits you but does no damage.
You hit the gnoll.
You kill the gnoll!
You feel your dexterity returning.
You hit the gnoll.
The gnoll is lightly wounded.
The gnoll hits you with a whip! The gnoll hits you with a whip.
You closely miss the gnoll.
The gnoll is lightly wounded.
The gnoll hits you with a whip!
* * * LOW HITPOINT WARNING * * *
Drink which item? (? for menu, Esc to quit)
Okay, then.
You hit the gnoll.
The gnoll is moderately wounded.
The gnoll hits you with a whip.
* * * LOW HITPOINT WARNING * * *
You open the door. The gnoll hits you with a whip.
You die...

#)# ##.######....
#####.##### #.# ####.
#.....g...# #.# #.
#.###.###.# ##'## #. #.#
#.# ##..)## #( #.###g#
##.....## #. #.....#
##...(...## ##.
#####...####.........####..
.......g.g@'.........'(...)
........####(........####..
#.####...# ##.......## ##.
# #...#.# ##.....## ##
#.##.#...# ##...##
#........# ##'## ####.#####
#.# #.# #.# #.# ##.##


You could see 2 gnolls.

Vanquished Creatures
  Terence (D:2)
  2 gnolls (D:2)
  An ooze (D:2)
  A dart slug (D:1)
  3 giant geckos
  A ball python (D:2)
  7 bats
  3 goblins
  6 hobgoblins
  11 jackals
  A giant newt (D:1)
  2 kobolds (D:2)
  4 rats (D:1)
43 creatures vanquished.

Notes
Turn   | Place    | Note
--------------------------------------------------------------
     0 | D:1      | striepan the Minotaur Gladiator began the quest for the Orb.
     0 | D:1      | Reached XP level 1. HP: 18/18 MP: 0/0
    26 | D:1      | Reached skill level 4 in Axes
    69 | D:1      | Reached XP level 2. HP: 25/25 MP: 1/1
   317 | D:1      | Reached skill level 5 in Axes
   347 | D:1      | Reached XP level 3. HP: 30/30 MP: 2/2
   763 | D:2      | Found a faded altar to an unknown god.
   887 | D:2      | Found a shadowy altar of Dithmenos.
   951 | D:2      | Noticed Terence
   960 | D:2      | Killed Terence
   960 | D:2      | Reached skill level 6 in Axes
   960 | D:2      | Reached XP level 4. HP: 7/37 MP: 3/3
  1292 | D:2      | Slain by a gnoll

Skill      XL: |  1  2  3 |
---------------+----------+-----
Axes           | 4 5 6 |  6.4
Fighting       | |  2.4
Throwing       | |  2.0
Dodging        | |  3.2

Action                   |  1- 3 |  4- 6 || total
-------------------------+-------+-------++-------
Melee: War axe           |    72 |    16 ||    88
       Headbutt          |    13 |     1 ||    14
  Use: Potion            |     1 |       ||     1
Armor: Leather armour    |    26 |     2 ||    28
Dodge: Dodged            |    57 |     3 ||    60
